 Dungeon Crawl Stone Soup version 0.25-a0-781-gc44aebf (webtiles) character file.

Game seed: 221258995968872295, levelgen mode: deterministic

7904 BlueFish the Thaumaturge (level 11, 0/80 HPs)
             Began as a Mummy Wizard on Apr 15, 2020.
             Was an Elder of Kikubaaqudgha.
             Slain by a two-headed ogre
             ... wielding a +0 giant club
              (17 damage)
             ... on level 11 of the Dungeon.
             The game lasted 00:39:05 (16187 turns).

BlueFish the Thaumaturge (Mummy Wizard)            Turns: 16187, Time: 00:39:06

Health: 0/80       AC:  5    Str: 10    XL:     11   Next: 2%
Magic:  13/27      EV: 14    Int: 21    God:    Kikubaaqudgha [****..]
Gold:   562        SH:  0    Dex: 15    Spells: 11/34 levels left

rFire    x . .     SeeInvis .   o - +0 trident (vorpal)
rCold    + . .     Gourm    .   (no shield)
rNeg     + + +     Faith    .   a - +0 robe
rPois    ∞         Spirit   .   p - +1 hat
rElec    .         Reflect  .   d - +0 cloak
rCorr    .         Harm     .   (no gloves)
MR       +....                  t - +0 pair of boots
Stlth    +++.......             (no amulet)
HPRegen  0.23/turn              e - ring of wizardry
MPRegen  0.20/turn              b - ring "Guag" {Wiz Dex+4}

@: very slightly contaminated
A: no food or potions, fire vulnerability, cold resistance 1, negative energy
resistance 3, torment resistance, unbreathing
a: Receive Corpses, Renounce Religion


You were on level 11 of the Dungeon.
You worshipped Kikubaaqudgha.
Kikubaaqudgha was greatly pleased with you.
You were not hungry.

You visited 1 branch of the dungeon, and saw 11 of its levels.

You collected 562 gold pieces.

Inventory:

Hand Weapons
 o - a +0 vorpal trident (weapon)
Armour
 a - a +0 robe (worn)
 d - a +0 cloak (worn)
 p - a +1 hat (worn)
 t - a +0 pair of boots (worn)
 v - a +0 ring mail of positive energy
Jewellery
 b - the ring "Guag" (right hand) {Wiz Dex+4}
   (You found it on level 6 of the Dungeon)

   [ring of wizardry]

   It improves your spell success rate.
   It affects your dexterity (+4).
 c - an uncursed ring of flight
 e - a ring of wizardry (left hand)
 f - an uncursed ring of fire
 r - an uncursed ring of see invisible
Wands
 j - a wand of random effects (26)
 k - a wand of disintegration (16)
 n - a wand of paralysis (9)
 u - a wand of digging (5)
Scrolls
 g - a scroll of fear
 h - 4 scrolls of teleportation
 i - a scroll of magic mapping
 l - 4 scrolls of remove curse
 m - a scroll of enchant armour
 q - 3 scrolls of immolation
 s - 2 scrolls of identify


   Skills:
 * Level 5.3 Fighting
 + Level 2.4 Polearms
 * Level 4.3 Dodging
 * Level 5.5 Stealth
 * Level 12.3 Spellcasting
 + Level 1.8 Conjurations
 + Level 1.9 Summonings
 * Level 7.5 Necromancy
 + Level 0.8 Translocations
 * Level 3.7 Evocations


You had 11 spell levels left.
You knew the following spells:

 Your Spells              Type           Power        Failure   Level  Hunger
a - Pain                  Necr           ####         1%          1    N/A
b - Blink                 Tloc           N/A          1%          2    N/A
c - Call Imp              Summ           ###.....     1%          2    N/A
d - Slow                  Hex            ##......     2%          2    N/A
e - Mephitic Cloud        Conj/Pois/Air  ###.....     3%          3    N/A
f - Magic Dart            Conj           ###.         1%          1    N/A
g - Vampiric Draining     Necr           #####.....   1%          3    N/A
h - Corpse Rot            Necr/Air       N/A          1%          2    N/A
i - Searing Ray           Conj           ###...       1%          2    N/A
j - Agony                 Necr           #####...     1%          5    N/A

Your spell library contained the following spells:

 Spells                   Type           Power        Failure   Level  Hunger
 Animate Skeleton         Necr           N/A          1%          1    N/A
 Apportation              Tloc           ###...       1%          1    N/A
 Corona                   Hex            ##.....      1%          1    N/A
 Sandblast                Erth           ##....       1%          1    N/A
 Summon Small Mammal      Summ           ###.         1%          1    N/A
 Dispel Undead            Necr           #####...     1%          4    N/A
 Passwall                 Tmut/Erth      ##......     2%          2    N/A
 Conjure Flame            Conj/Fire      ###.....     3%          3    N/A
 Dazzling Flash           Conj/Hex       ###...       3%          3    N/A
 Stone Arrow              Conj/Erth      ###...       3%          3    N/A
 Iskenderun's Mystic Bla  Conj/Tloc      ###.....     8%          4    N/A
 Borgnjor's Vile Clutch   Necr/Erth      ####......   9%          5    N/A
 Excruciating Wounds      Chrm/Necr      ####......   9%          5    N/A
 Fulminant Prism          Conj/Hex       ###.......   10%         4    N/A
 Petrify                  Tmut/Erth      ##......     13%         4    N/A
 Lee's Rapid Deconstruct  Erth           ##........   34%         5    N/A
 Simulacrum               Ice/Necr       ####......   38%         6    N/A

Dungeon Overview and Level Annotations

Branches:
Dungeon (11/15)            Temple (0/1) D:4            Lair (0/6) D:9
    Orc (0/2) D:9

Altars:
Ashenzari
Gozag
Hepliaklqana
Kikubaaqudgha
Okawaru
Qazlal
Ru
Sif Muna
Trog
Uskayaw
Wu Jian
Zin

Shops:
D:8 =   D:9 =   D:10 !

Portals:
Trove: D:10 (give 6 scrolls of blinking)

Annotations:
D:11 exclusion: orange crystal statue


Innate Abilities, Weirdness & Mutations

You do not eat or drink.
Your flesh is vulnerable to fire.
You are immune to poison.
Your flesh is cold resistant. (rC+)
You are immune to negative energy. (rN+++)
You are immune to unholy pain and torment.
You can survive without breathing.


Message History

Aiming: Vampiric Draining (safe; 1% risk of failure)
Press: ? - help, Shift-Dir - straight line, f/p - two-headed ogre
Aim: a two-headed ogre, wielding two +0 giant clubs (moderately wounded, confused)
The two-headed ogre is heavily wounded.
You feel life coursing into your body!
The two-headed ogre seems less confused.
The two-headed ogre closely misses you.
The two-headed ogre hits you with a +0 giant club!!
Casting: Vampiric Draining (safe; 1% risk of failure)
Confirm with . or Enter, or press ? or * to list all spells.
Aiming: Vampiric Draining (safe; 1% risk of failure)
Press: ? - help, Shift-Dir - straight line, f/p - two-headed ogre
Aim: a two-headed ogre, wielding two +0 giant clubs (heavily wounded)
The two-headed ogre is severely wounded.
You feel life coursing into your body.
The two-headed ogre hits you with a +0 giant club!!
* * * LOW HITPOINT WARNING * * *
The two-headed ogre hits you with a +0 giant club!
You die...
Kikubaaqudgha rasps: "You have failed me!
Welcome... oblivion!"

#.....# # +.....###..+
#.....'...# #.....#
####'## ##..# #Wl## #O##
.. ##@####....$8.
###+### #............
......# #............
......# ####.).%........
......# ###..'..........
...[..# #>..##.........
......####.####.......+.
......'...[# #.......#
......###### #.......#


You could see a two-headed ogre, a wraith and an iguana (confused).

Vanquished Creatures
  2 trolls (D:10)
  2 hippogriffs
  2 dream sheep (D:9)
  10 yaks
  A hungry ghost (D:11)
  A water moccasin (D:8)
  A soldier ant (D:11)
  2 ice beasts (D:10)
  2 sky beasts
  2 eyes of draining (D:8)
  2 orc warriors (D:8)
  A necrophage (D:7)
  A black bear (D:7)
  5 ogres
  A phantom (D:5)
  5 centaurs
  6 big kobolds
  6 bullfrogs
  3 scorpions
  4 killer bees
  2 wights
  5 howler monkeys
  3 crimson imps
  4 jellies
  A gnoll shaman (D:6)
  7 orc priests
  5 hounds
  2 centaur skeletons
  5 iguanas
  Ijyb (D:3)
  4 orc wizards
  4 worker ants
  A killer bee zombie (D:5)
  3 worker ant zombies
  6 gnolls
  A howler monkey skeleton (D:4)
  9 adders
  3 shadow imps
  2 oozes
  An adder zombie (D:8)
  3 worms
  3 dart slugs
  11 leopard geckos
  40 orcs
  7 bats
  5 giant cockroaches
  9 goblins
  7 hobgoblins
  8 jackals
  4 quokkas
  A ball python (D:2)
  6 frilled lizards
  A jackal skeleton (D:4)
  19 kobolds
  A leopard gecko zombie (D:6)
  2 quokka skeletons
  A quokka zombie (D:5)
  10 rats
266 creatures vanquished.

Vanquished Creatures (collateral kills)
  An ogre (D:4)
  A wight (D:6)
  2 centaur skeletons (D:4)
  A bullfrog skeleton (D:4)
  Jessica (D:3)
  A gnoll (D:4)
  An adder (D:4)
  A worm (D:4)
  2 orcs (D:4)
  2 giant cockroaches
13 creatures vanquished.

Vanquished Creatures (others)
  3 plants (D:9)
3 creatures vanquished.

Grand Total: 282 creatures vanquished

Notes
Turn   | Place    | Note
-------+----------+-------------------------------------------
     0 | D:1      | BlueFish the Mummy Wizard began the quest for the Orb.
     0 | D:1      | Reached XP level 1. HP: 13/13 MP: 5/5
   216 | D:1      | Reached XP level 2. HP: 19/19 MP: 4/7
   220 | D:1      | Learned a level 2 spell: Blink
   223 | D:1      | Learned a level 2 spell: Call Imp
   783 | D:1      | Reached skill level 5 in Spellcasting
  1071 | D:1      | Reached XP level 3. HP: 24/24 MP: 6/9
  1091 | D:1      | Learned a level 2 spell: Slow
  1095 | D:1      | Learned a level 3 spell: Mephitic Cloud
  1629 | D:2      | Found a glowing silver altar of Zin.
  1715 | D:2      | Reached skill level 1 in Conjurations
  2012 | D:2      | Reached XP level 4. HP: 31/31 MP: 4/11
  2549 | D:3      | Noticed Jessica
  2566 | D:3      | Killed Jessica
  2927 | D:3      | Found an ancient bone altar of Kikubaaqudgha.
  2932 | D:3      | Became a worshipper of Kikubaaqudgha
  3051 | D:3      | Noticed Ijyb
  3071 | D:3      | Killed Ijyb
  3071 | D:3      | Reached skill level 6 in Spellcasting
  3143 | D:3      | Reached XP level 5. HP: 36/36 MP: 10/13
  3865 | D:4      | Reached * piety under Kikubaaqudgha
  3865 | D:4      | Identified Kikubaaqudgha's Grimoire of Darkness
                  | (Kikubaaqudgha gifted it to you on level 4 of the Dungeon)
  3865 | D:4      | Received a gift from Kikubaaqudgha
  3865 | D:4      | Reached skill level 1 in Fighting
  3865 | D:4      | Reached skill level 1 in Summonings
  3869 | D:4      | Learned a level 1 spell: Pain
  3873 | D:4      | Learned a level 3 spell: Vampiric Draining
  3876 | D:4      | Learned a level 2 spell: Corpse Rot
  4163 | D:4      | Noticed an ogre
  4179 | D:4      | Killed an ogre
  4309 | D:4      | Reached XP level 6. HP: 25/43 MP: 3/15
  4784 | D:4      | Reached skill level 7 in Spellcasting
  4895 | D:4      | Found a sacrificial altar of Ru.
  4895 | D:4      | Found a shimmering blue altar of Sif Muna.
  5055 | D:4      | Found a staircase to the Ecumenical Temple.
  5108 | D:5      | Entered Level 5 of the Dungeon
  5114 | D:5      | Learned a level 2 spell: Searing Ray
  5869 | D:5      | Reached XP level 7. HP: 30/50 MP: 12/17
  6602 | D:5      | Reached skill level 1 in Necromancy
  7208 | D:6      | Reached skill level 8 in Spellcasting
  7343 | D:6      | Reached ** piety under Kikubaaqudgha
  7486 | D:6      | Reached skill level 1 in Evocations
  7530 | D:6      | Got an ancient wooden ring
  7532 | D:6      | Identified the ring "Guag" {Wiz Dex+4} (You found it on
                  | level 6 of the Dungeon)
  7836 | D:6      | Reached XP level 8. HP: 35/57 MP: 16/20
  7936 | D:6      | Found an iron altar of Okawaru.
  8359 | D:7      | Found an ornate altar of the Wu Jian Council.
  8626 | D:7      | Reached skill level 9 in Spellcasting
  8764 | D:7      | Found an opulent altar of Gozag.
  8809 | D:7      | Reached skill level 1 in Polearms
  9285 | D:7      | Reached XP level 9. HP: 51/64 MP: 4/22
  9563 | D:7      | Reached *** piety under Kikubaaqudgha
  9563 | D:7      | Identified Kikubaaqudgha's Reference Book on Darkness
                  | (Kikubaaqudgha gifted it to you on level 7 of the Dungeon)
  9563 | D:7      | Received a gift from Kikubaaqudgha
  9568 | D:7      | Reached skill level 10 in Spellcasting
  9578 | D:7      | Learned a level 5 spell: Agony
 10121 | D:8      | Found a bloodstained altar of Trog.
 10479 | D:8      | Found Koliat's Jewellery Shop.
 10612 | D:8      | Found a shattered altar of Ashenzari.
 11227 | D:8      | Found a hazy altar of Hepliaklqana.
 11243 | D:8      | Reached skill level 5 in Necromancy
 11519 | D:8      | Found a hide-covered altar of Uskayaw.
 11654 | D:8      | Reached skill level 11 in Spellcasting
 12155 | D:9      | Found a staircase to the Orcish Mines.
 12184 | D:9      | Reached **** piety under Kikubaaqudgha
 12351 | D:9      | Found Zutol's Jewellery Shop.
 12442 | D:9      | Noticed a three-headed hydra
 12499 | D:9      | HP: 1/65 [yak (13)]
 12872 | D:9      | Reached XP level 10. HP: 35/72 MP: 1/25
 12878 | D:9      | HP: 2/72 [yak (14)]
 13185 | D:9      | Found a stormy altar of Qazlal.
 13322 | D:9      | Found a shimmering blue altar of Sif Muna.
 13482 | D:9      | Found a staircase to the Lair.
 13983 | D:10     | Entered Level 10 of the Dungeon
 14425 | D:10     | Reached skill level 12 in Spellcasting
 14759 | D:10     | Found a portal to a secret trove of treasure.
 14821 | D:10     | Reached skill level 5 in Stealth
 15015 | D:10     | Reached skill level 5 in Fighting
 15757 | D:10     | Found Pipum's Distillery.
 15982 | D:11     | Reached XP level 11. HP: 61/79 MP: 27/27
 16054 | D:11     | Noticed an orange crystal statue
 16171 | D:11     | Noticed a two-headed ogre
 16187 | D:11     | Slain by a two-headed ogre

Levels and vault maps discovered:
D:1:      dpeg_arrival_concentric_ovals, layout_loops_ring,
          minmay_misc_feat_room, minmay_hexomino_p4
D:2:      minmay_wonky_spiral, layout_rooms, nicolae_overflow_hidden_temple
D:3:      layout_basic, kiku_gazebo_garden_becter, dk_vineyard_1, uniq_jessica,
          uniq_ijyb
D:4:      layout_rooms, gammafunk_temple_overflow_pools,
          lemuel_temple_firewalk_b, first_ration
D:5:      layout_basic
D:6:      layout_loops_ring, kennysheep_okawaru_gauntlet, grunt_decor_resistance
D:7:      minmay_evil_eye, layout_cave_pools, nicolae_gozag_seed_capital,
          lemuel_round_altar
D:8:      layout_rooms, kennysheep_mini_moat, overflow_temple_1_default,
          lemuel_round_altar, trog_eyes_of_draining, serial_shops,
          nicolae_shop_waterfront
D:9:      layout_cave_pods, nicolae_overflow_crystal_walls, lair_entry_dummy,
          orc_0_dummy, serial_shops, shop, hangedman_ranch
          [blue_anna_fruit_fields], led_sif_pool
D:10:     layout_basic, serial_curves, eino_curves_01, eino_curves_03,
          enter_trove_0, serial_shops, nicolae_shop_crystal
D:11:     layout_roguey, serial_park_tiny_pond, minivault_16

Skill      XL: |  1  2  3  4  5  6  7  8  9 10 |
---------------+-------------------------------+-----
Spellcasting   | 5 6 7 8 9 11 12 | 12.3
Conjurations   | 1 |  1.8
Dodging        | 2 3 4 |  4.3
Stealth        | 2 3 4 5 |  5.5
Fighting       | 1 2 3 4 5 |  5.3
Summonings     | 1 |  1.9
Necromancy     | 2 3 6 7 |  7.5
Evocations     | 1 2 3 |  3.7
Polearms       | 1 2 |  2.4
Translocations | |  0.8

Action                   |  1- 3 |  4- 6 |  7- 9 | 10-12 || total
-------------------------+-------+-------+-------+-------++-------
Melee: Short sword       |     2 |       |       |       ||     2
       Dagger            |    16 |    79 |     3 |       ||    98
       Trident           |       |       |   282 |   194 ||   476
 Cast: Magic Dart        |   111 |    76 |    44 |     5 ||   236
       Call Imp          |       |    38 |    10 |       ||    48
       Pain              |       |    23 |   182 |    44 ||   249
       Vampiric Draining |       |     6 |    81 |    69 ||   156
       Searing Ray       |       |     1 |     4 |       ||     5
       Mephitic Cloud    |       |       |     5 |     6 ||    11
       Corpse Rot        |       |       |     1 |       ||     1
       Blink             |       |       |     2 |     1 ||     3
       Agony             |       |       |     1 |       ||     1
  Use: Scroll            |     3 |     6 |     3 |     1 ||    13
 Stab: Sleeping          |     1 |     1 |       |     2 ||     4
       Distracted        |       |     1 |     1 |       ||     2
       Confused          |       |       |     6 |     4 ||    10
Armor: Robe              |     3 |    11 |    50 |    53 ||   117
Dodge: Dodged            |    12 |    61 |   238 |   153 ||   464

Table legend:
 A = Non-vault XP
 B = Vault XP
 C = Vault XP percentage of total XP
 D = Non-vault monster count
 E = Vault monster count
 F = Vault count percentage of total count
                 A         B        C        D         E       F
            +---------+---------+-------+---------+---------+-------
      Total |    9462 |    1830 |  16.2 |     255 |      24 |   8.6
            +---------+---------+-------+---------+---------+-------
        D:1 |      47 |       3 |   6.0 |      23 |       3 |  11.5
        D:2 |      53 |      11 |  17.2 |      27 |       3 |  10.0
        D:3 |      35 |      65 |  65.0 |      15 |       2 |  11.8
        D:4 |     366 |       0 |   0.0 |      26 |       0 |   0.0
        D:5 |     329 |       0 |   0.0 |      16 |       0 |   0.0
        D:6 |     877 |       4 |   0.5 |      29 |       2 |   6.5
        D:7 |    1422 |      55 |   3.7 |      40 |       3 |   7.0
        D:8 |    1131 |     491 |  30.3 |      23 |       4 |  14.8
        D:9 |    1525 |    1201 |  44.1 |      22 |       7 |  24.1
       D:10 |    3220 |       0 |   0.0 |      30 |       0 |   0.0
       D:11 |     457 |       0 |   0.0 |       4 |       0 |   0.0
            +---------+---------+-------+---------+---------+-------
